 Dungeon Crawl Stone Soup version 0.31-a0-360-gb3e1d13bf4 (webtiles) character file.

Game seed: 1659397940124109963

2130 porpoise the Ruffian (level 9, -8/53 (61) HPs)
             Began as a Demonspawn Gladiator on July 27, 2023.
             Was a Follower of Hepliaklqana.
             Mangled by a wight
             ... wielding a +0 battleaxe
              (17 damage)
             ... on level 7 of the Dungeon.
             The game lasted 00:21:16 (6056 turns).

porpoise the Ruffian (Demonspawn Gladiator)         Turns: 6056, Time: 00:21:17

HP:   -8/53 (61)    AC:  9    Str: 17    XL:     9   Next: 8%
MP:   9/9           EV: 12    Int: 10    God:    Hepliaklqana [*.....]
Gold: 331           SH:  5    Dex: 16    Spells: 8/8 levels left

rFire   + . .        a - +3 long sword
rCold   . . .        C - +0 buckler
rNeg    . . .        n - +0 leather armour
rPois   .            c - +0 helmet
rElec   .            (no cloak)
rCorr   .            m - +2 pair of gloves
SInv    .            (no boots)
Will    .....        j - amulet of regeneration
Stlth   +            o - ring of protection from fire
HPRegen 1.08/turn    (no ring)
MPRegen 0.11/turn

%: no passive effects
@: heavily drained
A: reduced essence, claws 1, slimy green scales 1
a: Renounce Religion, Recall Ancestor, Ancestor Identity


You were on level 7 of the Dungeon.
You worshipped Hepliaklqana.
Hepliaklqana was aware of your devotion.
You visited 2 branches of the dungeon, and saw 8 of its levels.
You also visited: Sewer.

You collected 331 gold pieces.

Inventory:

Hand Weapons
 a - a +3 long sword (weapon)
 b - a +0 sling
 r - the +3 spear of the Gazing Gods {flame, MP-9 Str+3 Int+3 Dex+4}
   (You found it on level 3 of the Dungeon)

   Str:       It affects your strength (+3).
   Int:       It affects your intelligence (+3).
   Dex:       It affects your dexterity (+4).
   MP:        It affects your magic capacity (-9).
Missiles
 d - 2 throwing nets (quivered)
 e - a javelin
 t - 13 poisoned darts
 y - 6 curare-tipped darts
Armour
 c - a +0 helmet (worn)
 m - a +2 pair of gloves (worn)
 n - a +0 leather armour (worn)
 C - a +0 buckler (worn)
Jewellery
 j - an amulet of regeneration (around neck)
 o - a ring of protection from fire (left hand)
Talismans
 F - a beast talisman
Wands
 E - a wand of iceblast (4)
Scrolls
 i - a scroll of blinking {unknown}
 k - 3 scrolls of poison
 p - a scroll of teleportation {unknown}
 q - a scroll of amnesia {unknown}
 s - a scroll of noise {unknown}
 B - 2 scrolls of immolation
 G - a scroll of fear {unknown}
 H - a scroll of fog
 I - 2 scrolls of enchant armour {unknown}
Potions
 f - 2 potions of lignification
 g - 3 potions of curing
 h - a potion of berserk rage
 l - 2 potions of mutation
 u - a potion of brilliance
 v - 2 potions of cancellation {unknown}
 w - a potion of might {unknown}
 x - a potion of magic {unknown}
 z - a potion of resistance {unknown}
 A - a potion of heal wounds
 D - a potion of degeneration {unknown}
 J - a potion of haste {unknown}


   Skills:
 - Level 5.0 Fighting
 - Level 6.1 Long Blades
 - Level 1.7 Throwing
 - Level 2.6 Dodging
 + Level 4.4 Shields
 * Level 6.9 Unarmed Combat


You had 8 spell levels left.
You didn't know any spells.
Your spell library contained the following spells:

 Spells                   Type           Power      Damage    Failure   Level
 Ignite Poison            Fire/Tmut/Pois 0%         N/A       87%         3
 Vhi's Electric Charge    Tloc/Air       0%         N/A       87%         3
 Sticky Flame             Conj/Fire      0%         2d3       99%         4
 Arcjolt                  Conj/Air       0%         1d10      100%        5
 Plasma Beam              Fire/Air       0%         2x1d10    100%        6
 Ignition                 Fire           0%         3d3       100%        8


Dungeon Overview and Level Annotations

Branches:
Dungeon (7/15)             Temple (1/1) D:6           Sewer (visited)

Altars:
Cheibriados
Dithmenos
Fedhas
Hepliaklqana
Kikubaaqudgha
Okawaru
Sif Muna
Trog
Uskayaw
Vehumet
Wu Jian
Xom

Annotations:
D:4 2 runed translucent doors


Innate Abilities, Weirdness & Mutations

Your life essence is reduced to manifest your ancestor. (-10% HP)
You have sharp fingernails.
You are partially covered in slimy green scales. (AC +2)


Message History

The wight is moderately damaged.
Nikki hits the wight.
You block the wight's attack.
The wight hits Nikki but does no damage.
The wight hits you with a +0 halberd!
You feel drained. The wight completely misses you.
The wight misses Nikki.
You block the wight's attack.
Nikki hits the wight but does no damage.
You hit the wight.
The wight is severely damaged.
Nikki hits the wight.
The wight hits you but does no damage. The wight misses you.
The wight hits Nikki with a +0 battleaxe!
You closely miss the wight.
The wight is almost destroyed.
The wight hits you with a +0 battleaxe!!
* * * LOW HITPOINT WARNING * * *
You feel drained.
* * * LOW HITPOINT WARNING * * *
The wight hits Nikki with a +0 battleaxe.
Nikki hits the wight.
The wight hits you with a +0 halberd.
* * * LOW HITPOINT WARNING * * *
You feel much better. The wight closely misses you.
Nikki hits the wight but does no damage.
You block the wight's attack. The wight misses you.
The wight hits Nikki with a +0 battleaxe!
You slash the wight!
You destroy the wight!
Nikki hits the wight.
The wight misses you. The wight barely misses you.
The wight hits Nikki with a +0 battleaxe!
Nikki is destroyed!
You closely miss the wight. The wight barely misses you.
The wight hits you with a +0 battleaxe!
You hit the wight but do no damage. You block the wight's attack.
The wight barely misses you.
You barely miss the wight.
The wight hits you with a +0 battleaxe! x2
* * * LOW HITPOINT WARNING * * *
You hit the wight.
The wight is lightly damaged.
The wight hits you with a +0 battleaxe!
You die...

##. .............# ...
........#....# ##.
.............# .#.
.............### ...
...............# ##.
...............# #####.
......z........####.....
......)@.......+........
......z.###....###......
........# ##............
................(.......
.....##..............##.
..... #.................
#... #.................
#... #......#.........#
##....#.........#


You could see 2 wights.

Vanquished Creatures
  Prince Ribbit (D:6)
  A water moccasin (D:6)
  A sky beast (D:6)
  A black bear (D:5)
  3 ogres
  A centaur (D:5)
  3 kobold brigands (Sewer)
  A bullfrog (D:6)
  A gnoll sergeant (D:6)
  3 wights (D:7)
  3 killer bees (D:7)
  A jelly (D:5)
  2 orc priests (D:7)
  2 hounds
  4 iguanas
  2 orc wizards
  3 gnolls (D:6)
  11 adders
  A river rat (D:4)
  3 shadow imps
  4 white imps
  4 worms
  9 orcs
  5 endoplasms
  2 giant cockroaches (D:2)
  6 goblins
  4 hobgoblins
  4 jackals
  5 kobolds
  5 quokkas
  5 ball pythons
  7 bats
  7 frilled lizards
  10 rats
125 creatures vanquished.

Vanquished Creatures (collateral kills)
  2 wights (D:7)
  An orc wizard (D:7)
  An orc (D:7)
4 creatures vanquished.

Vanquished Creatures (others)
  An ancestor (D:7)
1 creature vanquished.

Grand Total: 130 creatures vanquished

Notes
Turn   | Place    | Note
-------+----------+-------------------------------------------
     0 | D:1      | porpoise the Demonspawn Gladiator began the quest for the
                  | Orb.
     0 | D:1      | Reached XP level 1. HP: 16/16 MP: 1/1
   284 | D:1      | Gained mutation: You are partially covered in slimy green
                  | scales. (AC +2) [demonic ancestry]
   284 | D:1      | Reached XP level 2. HP: 22/22 MP: 2/2
   943 | D:2      | Found an ornate altar of the Wu Jian Council.
  1204 | D:2      | Reached XP level 3. HP: 21/28 MP: 3/3
  2043 | D:3      | Reached XP level 4. HP: 34/34 MP: 4/4
  2268 | D:3      | Found a snail-covered altar of Cheibriados.
  2459 | D:3      | Identified the +3 spear of the Gazing Gods {flame, MP-9
                  | Str+3 Int+3 Dex+4}
  2623 | D:4      | Found a glowing drain.
  2641 | Sewer    | Entered a sewer
  2776 | Sewer    | Noticed a kobold brigand
  2787 | Sewer    | Killed a kobold brigand
  2788 | Sewer    | Reached XP level 5. HP: 28/41 MP: 5/5
  2976 | Sewer    | Reached skill level 5 in Long Blades
  3025 | Sewer    | Reached XP level 6. HP: 48/48 MP: 6/6
  3508 | D:4      | Found a large runed translucent door.
  3509 | D:4      | Found a large runed translucent door.
  3509 | D:4      | Found a shimmering altar of Xom.
  4031 | D:5      | Entered Level 5 of the Dungeon
  4154 | D:5      | Gained mutation: You have sharp fingernails. [demonic
                  | ancestry]
  4154 | D:5      | Reached XP level 7. HP: 55/55 MP: 7/7
  4187 | D:5      | Reached skill level 1 in Unarmed Combat
  4347 | D:5      | Reached skill level 5 in Fighting
  4492 | D:5      | Reached skill level 1 in Shields
  4909 | D:6      | Found a staircase to the Ecumenical Temple.
  4916 | D:6      | Reached XP level 8. HP: 56/62 MP: 8/8
  4931 | Temple   | Entered the Ecumenical Temple
  4940 | Temple   | Became a worshipper of Hepliaklqana the Forgotten
  5200 | D:6      | Found a blossoming altar of Fedhas.
  5210 | D:6      | Reached skill level 5 in Unarmed Combat
  5218 | D:6      | Found a radiant altar of Vehumet.
  5218 | D:6      | Found an ancient bone altar of Kikubaaqudgha.
  5229 | D:6      | Noticed Prince Ribbit
  5256 | D:6      | Killed Prince Ribbit
  5293 | D:6      | Found a shadowy altar of Dithmenos.
  5764 | D:7      | Reached * piety under Hepliaklqana
  5961 | D:7      | Reached XP level 9. HP: 60/61 MP: 9/9
  6056 | D:7      | Mangled by a wight

Illustrated notes

Levels and vault maps discovered:
D:1:      dpeg_arrival_arbitrary_b, layout_loops_ring
D:2:      layout_basic, basic_altar, serial_bayou, serial_bayou_lake_a,
          serial_bayou_ford_a, serial_bayou_pond_d, serial_bayou_pond_c
D:3:      layout_loops_ring, mainiacjoe_overflow_24_doors, minmay_misc_feat_x
D:4:      due_chaos_kobolds, layout_loops_ring, mainiacjoe_overflow_brackets,
          cheibrodos_sewer_entry_sluice
D:5:      layout_basic, wad_floor_pattern_untrapped
D:6:      layout_cave_pools, kennysheep_mini,
          chequers_temple_overflow_statue_of_worship, minmay_temple_entry_wispy,
          uniq_prince_ribbit1
D:7:      layout_basic
Temple:   nicolae_temple_great_sept

Skill      XL: |  1  2  3  4  5  6  7  8 |
---------------+-------------------------+-----
Long Blades    | 3 4 5 6 |  6.1
Fighting       | 3 4 5 |  5.0
Unarmed Combat | 4 6 |  6.9
Shields        | 2 4 |  4.4
Throwing       | |  1.7
Dodging        | |  2.6

Action                     |  1- 3 |  4- 6 |  7- 9 || total
---------------------------+-------+-------+-------++-------
  Melee: Long sword        |   120 |   181 |   202 ||   503
         Punch             |     2 |     3 |       ||     5
   Fire: Sling             |     2 |    14 |    16 ||    32
  Throw: Throwing net      |       |     2 |       ||     2
 Invoke: Recall Ancestor   |       |       |     1 ||     1
         Ancestor Identity |       |       |     1 ||     1
    Use: Scroll            |     3 |     3 |     3 ||     9
         Potion            |       |       |     1 ||     1
   Stab: Sleeping          |     1 |     2 |     1 ||     4
         Distracted        |       |       |     1 ||     1
 Armour: Leather armour    |    30 |    85 |    65 ||   180
  Dodge: Dodged            |    86 |    89 |   131 ||   306
  Block: Buckler           |       |       |    49 ||    49

Table legend: (Time is in decaauts)
 A = Elapsed time spent in this place.
 B = Non-inter-level travel time spent in this place.
 C = Inter-level travel time spent in this place.
 D = Time resting spent in this place.
 E = Time spent auto-exploring this place.
 F = Levels seen in this place.
 G = Mean time per level.
                   A        B        C        D        E       F      G
               +--------+--------+--------+--------+--------+-----+--------+
         Total |   6295 |   6160 |    135 |    995 |   3439 |   9 |  699.4 |
       Dungeon |   5716 |   5590 |    126 |    959 |   3439 |   7 |  816.6 |
        Temple |     18 |      9 |      9 |      0 |      0 |   1 |   18.0 |
         Sewer |    560 |    560 |      0 |     36 |      0 |   1 |  560.0 |
               +--------+--------+--------+--------+--------+-----+--------+

Top non-repeatable levels by time:
     D:4: 990 daAuts
     D:1: 935 daAuts
     D:3: 893 daAuts
     D:2: 861 daAuts
     D:5: 793 daAuts
     D:6: 728 daAuts
   Sewer: 560 daAuts
     D:7: 513 daAuts
  Temple: 18 daAuts
